TOP OF THE 1ST |
Surrey Sinners batting - Pitching for Jasper Cougars : RHP José Orozco
|
Pitching: RHP José Orozco
|
|
Batting: RHB Jamie Swyers
|
0-0: Called Strike 0-1: Ball 1-1: Ball 2-1: Ground out 6-3 (Groundball, 6)
|
Batting: RHB Augusto Trevino
|
0-0: Ball 1-0: Ball 2-0: Ball 3-0: Base on Balls
|
Batting: RHB Clint Younger
|
0-0: Ball 1-0: Foul Ball, location: 2F 1-1: Called Strike Augusto Trevino steals 2nd base 1-2: SINGLE (Groundball, 6MD) Augusto Trevino to third Runner from 3rd tries for Home, SAFE, no throw or cutoff
|
Batting: LHB Iván Espinosa
|
0-0: Called Strike 0-1: Ball 1-1: SINGLE (Line Drive, 9LS) Clint Younger to second
|
Batting: RHB Cooper Richard
|
0-0: Ball Clint Younger steals 3rd base Iván Espinosa to second 1-0: Ball 2-0: Ball 3-0: Called Strike 3-1: Fly out, F7 (Flyball, 7D) Runner from 3rd tags up, SCORES, no throw
|
Batting: RHB Ramón Molina
|
0-0: Called Strike 0-1: Fly out, F9 (Flyball, 89M)
|
Top of the 1st over - 2 run(s), 2 hit(s), 0 error(s), 1 left on base; Surrey 2 - Jasper 0 |
BOTTOM OF THE 1ST |
Jasper Cougars batting - Pitching for Surrey Sinners : RHP Bill Chase
|
Pitching: RHP Bill Chase
|
|
Batting: SHB Rafael Acosta
|
0-0: Ball 1-0: Called Strike 1-1: Ball 2-1: Ball 3-1: Called Strike 3-2: Base on Balls
|
Batting: LHB António Camacho
|
0-0: Swinging Strike 0-1: Swinging Strike 0-2: Strikes out looking
|
Batting: RHB David Hernández
|
0-0: Fly out, F9 (Flyball, 89XD)
|
Batting: SHB Ron Edwards
|
0-0: Fly out, F8 (Flyball, 8RD)
|
Bottom of the 1st over - 0 run(s), 0 hit(s), 0 error(s), 1 left on base; Surrey 2 - Jasper 0 |
TOP OF THE 2ND |
Surrey Sinners batting - Pitching for Jasper Cougars : RHP José Orozco
|
Batting: RHB Daniel Santiago
|
0-0: Ball 1-0: Ground out 6-3 (Groundball, 6)
|
Batting: LHB José Blanco
|
0-0: Called Strike 0-1: Swinging Strike 0-2: Ball 1-2: Foul Ball, location: 2F 1-2: Foul Ball, location: 2F 1-2: Ball 2-2: Strikes out swinging
|
Batting: RHB Ryan Parrish
|
0-0: Swinging Strike 0-1: Ball 1-1: Swinging Strike 1-2: Strikes out swinging
|
Top of the 2nd over - 0 run(s), 0 hit(s), 0 error(s), 0 left on base; Surrey 2 - Jasper 0 |
BOTTOM OF THE 2ND |
Jasper Cougars batting - Pitching for Surrey Sinners : RHP Bill Chase
|
Batting: RHB George Reeves
|
0-0: Foul Ball, location: 2F 0-1: Called Strike 0-2: Ball 1-2: SINGLE (Line Drive, 8RS)
|
Batting: LHB Kyle Harrison
|
0-0: Ball 1-0: Swinging Strike 1-1: Foul Ball, location: 2F 1-2: Strikes out swinging
|
Batting: RHB José Ortega
|
0-0: Called Strike 0-1: Ball 1-1: Called Strike George Reeves steals 2nd base 1-2: Strikes out swinging
|
Batting: RHB Joe Baker
|
0-0: Foul Ball, location: 2F 0-1: Ball 1-1: Ball 2-1: Called Strike 2-2: Ball 3-2: Base on Balls
|
Batting: LHB John Stone
|
0-0: Ball 1-0: Ball 2-0: Called Strike 2-1: Ball 3-1: Base on Balls George Reeves to third Joe Baker to second
|
Batting: SHB Rafael Acosta
|
0-0: Foul Ball, location: 2F 0-1: Foul Ball, location: 2F 0-2: Ball 1-2: Ball 2-2: SINGLE (Line Drive, 5D) George Reeves scores Joe Baker to third John Stone to second Runner from 3rd tries for Home, SAFE, no throw or cutoff
|
Batting: LHB António Camacho
|
0-0: Called Strike 0-1: Ground out 5-3 (Groundball, 56S)
|
Bottom of the 2nd over - 2 run(s), 2 hit(s), 0 error(s), 2 left on base; Surrey 2 - Jasper 2 |
TOP OF THE 3RD |
Surrey Sinners batting - Pitching for Jasper Cougars : RHP José Orozco
|
Batting: RHB Jamie Swyers
|
0-0: SINGLE (Line Drive, 9LS)
|
Batting: RHB Augusto Trevino
|
0-0: Swinging Strike 0-1: SINGLE (Groundball, 34) Jamie Swyers to second Runner from 2nd tries for 3rd, SAFE, throw made to third Augusto Trevino to second
|
Batting: RHB Clint Younger
|
0-0: Foul Ball, location: 2F 0-1: Ground out 6-3 (Groundball, 6M) Jamie Swyers scores Augusto Trevino to third
|
Batting: LHB Iván Espinosa
|
0-0: Ball 1-0: Ball 2-0: Called Strike 2-1: Ball 3-1: Foul Ball, location: 2F 3-2: Foul Ball, location: 2F 3-2: Strikes out swinging
|
Batting: RHB Cooper Richard
|
0-0: Ball 1-0: Ball 2-0: Ball 3-0: Called Strike 3-1: Foul Ball, location: 2F 3-2: Strikes out swinging
|
Top of the 3rd over - 1 run(s), 2 hit(s), 0 error(s), 1 left on base; Surrey 3 - Jasper 2 |
BOTTOM OF THE 3RD |
Jasper Cougars batting - Pitching for Surrey Sinners : RHP Bill Chase
|
Batting: RHB David Hernández
|
0-0: Ball 1-0: Ball 2-0: Foul Ball, location: 2F 2-1: Ball 3-1: Base on Balls
|
Batting: SHB Ron Edwards
|
0-0: Foul Ball, location: 2F 0-1: Ball 1-1: Swinging Strike 1-2: Foul Ball, location: 2F 1-2: Ball 2-2: Strikes out swinging
|
Batting: RHB George Reeves
|
0-0: Ball 1-0: Ball 2-0: Foul Ball, location: 2F 2-1: Foul Ball, location: 2F 2-2: Ball 3-2: Base on Balls David Hernández to second
|
Batting: LHB Kyle Harrison
|
0-0: Ball 1-0: Called Strike 1-1: Foul Ball, location: 2F 1-2: Ball 2-2: SINGLE (Popup, 56D) David Hernández to third George Reeves to second Runner from 3rd tries for Home, SAFE, no throw or cutoff
|
Batting: RHB José Ortega
|
0-0: Ball 1-0: Ball 2-0: Called Strike 2-1: Foul Ball, location: 2F 2-2: Ball 3-2: Grounds into double play, U4-3 (Groundball, 4M)
|
Bottom of the 3rd over - 1 run(s), 1 hit(s), 0 error(s), 1 left on base; Surrey 3 - Jasper 3 |
TOP OF THE 4TH |
Surrey Sinners batting - Pitching for Jasper Cougars : RHP José Orozco
|
Batting: RHB Ramón Molina
|
0-0: Called Strike 0-1: Ball 1-1: Ball 2-1: Ball 3-1: Called Strike 3-2: Base on Balls
|
Batting: RHB Daniel Santiago
|
0-0: Called Strike 0-1: Foul Ball, location: 2F 0-2: Ball 1-2: Strikes out swinging
|
Batting: LHB José Blanco
|
0-0: Ball 1-0: Ball 2-0: Called Strike 2-1: Grounds into double play, 6-4-3 (Groundball, 6)
|
Top of the 4th over - 0 run(s), 0 hit(s), 0 error(s), 0 left on base; Surrey 3 - Jasper 3 |
BOTTOM OF THE 4TH |
Jasper Cougars batting - Pitching for Surrey Sinners : RHP Bill Chase
|
Batting: RHB Joe Baker
|
0-0: Ball 1-0: Ball 2-0: Called Strike 2-1: Foul Ball, location: 2F 2-2: Fly out, F7 (Flyball, 78M)
|
Batting: LHB John Stone
|
0-0: Called Strike 0-1: Foul Ball, location: 2F 0-2: Foul Ball, location: 2F 0-2: Ball 1-2: Ball 2-2: Ball 3-2: Ground out 5-3 (Groundball, 5S)
|
Batting: SHB Rafael Acosta
|
0-0: Ball 1-0: Called Strike 1-1: Swinging Strike 1-2: Strikes out looking
|
Bottom of the 4th over - 0 run(s), 0 hit(s), 0 error(s), 0 left on base; Surrey 3 - Jasper 3 |
TOP OF THE 5TH |
Surrey Sinners batting - Pitching for Jasper Cougars : RHP José Orozco
|
Batting: RHB Ryan Parrish
|
0-0: Ground out 3-1 (Groundball, 34)
|
Batting: RHB Jamie Swyers
|
0-0: Fly out, F7 (Flyball, 7M)
|
Batting: RHB Augusto Trevino
|
0-0: Ball 1-0: Called Strike 1-1: Ball 2-1: SINGLE (Groundball, 6MD)
|
Batting: RHB Clint Younger
|
0-0: Ball 1-0: Foul Ball, location: 2F 1-1: 2-RUN HOME RUN (Flyball, 7D), Distance : 343 ft
|
Batting: LHB Iván Espinosa
|
0-0: Swinging Strike 0-1: Called Strike 0-2: Fly out, F8 (Flyball, 8RD)
|
Top of the 5th over - 2 run(s), 2 hit(s), 0 error(s), 0 left on base; Surrey 5 - Jasper 3 |
BOTTOM OF THE 5TH |
Jasper Cougars batting - Pitching for Surrey Sinners : RHP Bill Chase
|
Pitching: LHP Pedro Najcrea
|
|
Batting: LHB António Camacho
|
0-0: Ball 1-0: Ball 2-0: Ball 3-0: Base on Balls
|
Batting: RHB David Hernández
|
0-0: Called Strike 0-1: Called Strike 0-2: Fly out, F8 (Flyball, 8LD)
|
Batting: SHB Ron Edwards
|
0-0: Called Strike 0-1: Ball 1-1: Ball 2-1: SINGLE (Groundball, 56D) António Camacho to second
|
Batting: RHB George Reeves
|
0-0: Grounds into double play, 4-6-3 (Groundball, 4)
|
Bottom of the 5th over - 0 run(s), 1 hit(s), 0 error(s), 1 left on base; Surrey 5 - Jasper 3 |
TOP OF THE 6TH |
Surrey Sinners batting - Pitching for Jasper Cougars : RHP José Orozco
|
Batting: RHB Cooper Richard
|
0-0: Ball 1-0: Ball 2-0: Ball 3-0: Swinging Strike 3-1: Base on Balls
|
Pitching: LHP Alfredo Maestas
|
|
Batting: RHB Ramón Molina
|
0-0: Called Strike 0-1: Fly out, F4 (Popup, 9LSF)
|
Batting: RHB Daniel Santiago
|
0-0: Called Strike 0-1: 2-RUN HOME RUN (Line Drive, 7LD), Distance : 319 ft
|
Batting: LHB José Blanco
|
0-0: Ball 1-0: Ball 2-0: Ball 3-0: Called Strike 3-1: Base on Balls
|
Pitching: LHP Alberto Guerra
|
|
Batting: RHB Ryan Parrish
|
0-0: Ball 1-0: Grounds into double play, U6-3 (Groundball, 6M)
|
Top of the 6th over - 2 run(s), 1 hit(s), 0 error(s), 0 left on base; Surrey 7 - Jasper 3 |
BOTTOM OF THE 6TH |
Jasper Cougars batting - Pitching for Surrey Sinners : LHP Pedro Najcrea
|
Batting: LHB Kyle Harrison
|
0-0: Ball 1-0: Bunted foul 1-1: Ball 2-1: SINGLE (Groundball, 6D)
|
Batting: RHB José Ortega
|
0-0: Ball 1-0: Swinging Strike 1-1: Swinging Strike 1-2: Foul Ball, location: 2F 1-2: Strikes out swinging
|
Batting: RHB Joe Baker
|
0-0: Grounds into double play, U4-3 (Groundball, 4M)
|
Bottom of the 6th over - 0 run(s), 1 hit(s), 0 error(s), 0 left on base; Surrey 7 - Jasper 3 |
TOP OF THE 7TH |
Surrey Sinners batting - Pitching for Jasper Cougars : LHP Alberto Guerra
|
Batting: RHB Jamie Swyers
|
0-0: Ground out 6-3 (Groundball, 56)
|
Batting: RHB Augusto Trevino
|
0-0: Ball 1-0: Fly out, F9 (Flyball, 89M)
|
Batting: RHB Clint Younger
|
0-0: Ball 1-0: Swinging Strike 1-1: Ball 2-1: Called Strike 2-2: Strikes out swinging
|
Top of the 7th over - 0 run(s), 0 hit(s), 0 error(s), 0 left on base; Surrey 7 - Jasper 3 |
BOTTOM OF THE 7TH |
Jasper Cougars batting - Pitching for Surrey Sinners : LHP Pedro Najcrea
|
Batting: LHB John Stone
|
0-0: Ball 1-0: Ball 2-0: Called Strike 2-1: Ball 3-1: Bunt for hit - play at first, batter OUT! 1-3
|
Pitching: LHP Dennis Morales
|
|
Batting: SHB Rafael Acosta
|
0-0: Ball 1-0: SINGLE (Groundball, 4MD)
|
Batting: LHB António Camacho
|
0-0: Called Strike 0-1: Called Strike 0-2: Fly out, F9 (Flyball, 89D)
|
Batting: RHB David Hernández
|
0-0: Ball 1-0: Fielders Choice at 2nd, U4 (Groundball, 4M)
|
Bottom of the 7th over - 0 run(s), 1 hit(s), 0 error(s), 1 left on base; Surrey 7 - Jasper 3 |
TOP OF THE 8TH |
Surrey Sinners batting - Pitching for Jasper Cougars : LHP Alberto Guerra
|
Batting: LHB Iván Espinosa
|
0-0: Ball 1-0: Swinging Strike 1-1: Called Strike 1-2: Foul Ball, location: 2F 1-2: Ball 2-2: Foul Ball, location: 2F 2-2: SINGLE (Line Drive, 89S)
|
Batting: RHB Cooper Richard
|
0-0: Ball 1-0: Ball 2-0: Ball 3-0: Foul Ball, location: 2F 3-1: Base on Balls Iván Espinosa to second
|
Batting: RHB Ramón Molina
|
0-0: SINGLE (Groundball, 56) Iván Espinosa to third Cooper Richard to second
|
Batting: RHB Daniel Santiago
|
0-0: Ball 1-0: SINGLE (Flyball, 9S) Iván Espinosa scores Cooper Richard to third Ramón Molina to second Runner from 3rd tries for Home, throw and OUT!
|
Batting: LHB José Blanco
|
0-0: Ball 1-0: Ball 2-0: Ball 3-0: Called Strike 3-1: Base on Balls Ramón Molina to third Daniel Santiago to second
|
Batting: RHB Ryan Parrish
|
0-0: SINGLE (Groundball, 6MD) Ramón Molina scores Daniel Santiago to third José Blanco to second Runner from 3rd tries for Home, SAFE, no throw or cutoff
|
Batting: RHB Jamie Swyers
|
0-0: Called Strike 0-1: Ball 1-1: Swinging Strike 1-2: Strikes out swinging
|
Batting: RHB Augusto Trevino
|
0-0: Ball 1-0: Ground out 1-3 (Groundball, 15)
|
Top of the 8th over - 3 run(s), 4 hit(s), 0 error(s), 2 left on base; Surrey 10 - Jasper 3 |
BOTTOM OF THE 8TH |
Jasper Cougars batting - Pitching for Surrey Sinners : LHP Dennis Morales
|
Batting: SHB Ron Edwards
|
0-0: Ball 1-0: Foul Ball, location: 2F 1-1: Ball 2-1: Ball 3-1: Base on Balls
|
Batting: RHB George Reeves
|
0-0: Ball 1-0: Foul Ball, location: 2F 1-1: Ball 2-1: Grounds into double play, U6-3 (Groundball, 6M)
|
Batting: LHB Kyle Harrison
|
0-0: Ball 1-0: Ball 2-0: Called Strike 2-1: SINGLE (Groundball, 4MD)
|
Batting: RHB José Ortega
|
0-0: Ball 1-0: Ball 2-0: Ground out 5-3 (Groundball, 56S)
|
Bottom of the 8th over - 0 run(s), 1 hit(s), 0 error(s), 1 left on base; Surrey 10 - Jasper 3 |
TOP OF THE 9TH |
Surrey Sinners batting - Pitching for Jasper Cougars : LHP Alberto Guerra
|
Pitching: LHP Javier Galeas
|
|
Batting: RHB Clint Younger
|
0-0: Called Strike 0-1: Fly out, F7 (Flyball, 7D)
|
Batting: LHB Iván Espinosa
|
0-0: Ball 1-0: Called Strike 1-1: Foul Ball, location: 2F 1-2: Strikes out swinging
|
Batting: RHB Cooper Richard
|
0-0: Swinging Strike 0-1: Ball 1-1: Swinging Strike 1-2: Strikes out looking
|
Top of the 9th over - 0 run(s), 0 hit(s), 0 error(s), 0 left on base; Surrey 10 - Jasper 3 |
BOTTOM OF THE 9TH |
Jasper Cougars batting - Pitching for Surrey Sinners : LHP Dennis Morales
|
Batting: RHB Joe Baker
|
0-0: Swinging Strike 0-1: Swinging Strike 0-2: Ground out 6-3 (Groundball, 6M)
|
Batting: LHB John Stone
|
0-0: Ball 1-0: Ball 2-0: Foul Ball, location: 2F 2-1: Swinging Strike 2-2: Foul Ball, location: 2F 2-2: SINGLE (Line Drive, 9S)
|
Batting: SHB Rafael Acosta
|
0-0: Called Strike 0-1: Swinging Strike 0-2: Strikes out swinging
|
Batting: LHB António Camacho
|
0-0: Called Strike 0-1: Ball 1-1: 2-RUN HOME RUN (Flyball, 7LD), Distance : 326 ft
|
Pitching: LHP Henry Brown
|
|
Batting: RHB David Hernández
|
0-0: Ball 1-0: Swinging Strike 1-1: Ground out 5-3 (Groundball, 5L)
|
Bottom of the 9th over - 2 run(s), 2 hit(s), 0 error(s), 0 left on base; Surrey 10 - Jasper 5 |
|